 Dungeon Crawl Stone Soup version 0.17.0-28-g6e173f8 (webtiles) character file.

172 rgaf the Changer (level 5, -3/44 HPs)
             Began as a Naga Transmuter on Nov 28, 2015.
             Killed from afar by Blork the orc (9 damage)
             ... with a puff of flame
             ... on level 4 of the Dungeon.
             The game lasted 00:09:53 (4842 turns).

rgaf the Changer (Naga Transmuter)                  Turns: 4842, Time: 00:09:53

Health: -3/44      AC:  2    Str: 12    XL:     5   Next: 52%
Magic:  4/8        EV: 19    Int: 15    God:
Gold:   238        SH:  0    Dex: 16    Spells: 3 memorised, 2 levels left

rFire  . . .     SeeInvis +       - Unarmed
rCold  . . .     Clarity  .     (armour currently unavailable)
rNeg   . . .     SustAt   .     (shield currently unavailable)
rPois  x         Gourm    .     (helmet currently unavailable)
rElec  .         Spirit   .     (cloak currently unavailable)
rCorr  .         Warding  .     (gloves currently unavailable)
rMut   .         Stasis   .     (no barding)
MR     .....                    (no amulet)
Stlth  +.........               (no ring)
                                (no ring)

@: spider-form, not resistant to hostile enchantments, very unstealthy
A: (horns 0), (stinger 0), see invisible, (deformed body), (poison resistance),
(slowness 0), slow metabolism 1, spit poison 2, MP-powered wands, AC +1
a: Spit Poison, End Transformation


You were on level 4 of the Dungeon.
You were very hungry.
You were a venomous arachnid creature.
You visited 1 branch of the dungeon, and saw 4 of its levels.

You collected 238 gold pieces.

Inventory:

Hand Weapons
 m - a +2 dagger of speed (melded)
 q - a cursed -1 short sword
Missiles
 a - 26 arrows
 w - 13 arrows of flame
Armour
 b - a +0 robe (melded)
Jewellery
 i - a cursed amulet of inaccuracy {unknown}
 v - an uncursed ring of protection from cold
Wands
 j - a wand of teleportation (3)
Scrolls
 e - 2 scrolls of enchant weapon {unknown}
 f - 2 scrolls of recharging {unknown}
 h - 3 scrolls of teleportation {unknown}
 l - a scroll of noise {unknown}
 n - 4 scrolls of identify {unknown}
 o - 2 scrolls of amnesia {unknown}
 p - a scroll of random uselessness {unknown}
 r - 3 scrolls of remove curse {unknown}
 y - a scroll of blinking {unknown}
Potions
 k - a potion of degeneration {unknown}
 u - a potion of brilliance
Books
 c - a book of Changes

   Spells                             Type                      Level
   a - Beastly Appendage              Transmutation                1
   b - Sticks to Snakes               Transmutation                2
   c - Spider Form                    Transmutation/Poison         3
   d - Ice Form                       Ice/Transmutation            4
   e - Blade Hands                    Transmutation                5
Comestibles
 d - 3 bread rations
 g - 4 fruits
 s - a meat ration
 t - a beef jerky
 x - 3 slices of pizza


   Skills:
 - Level 1.0 Fighting
 - Level 1.5 Dodging
 - Level 3.0 Unarmed Combat
 - Level 2.0 Spellcasting
 + Level 5.5 Transmutations


You had 2 spell levels left.
You knew the following spells:

 Your Spells              Type           Power        Failure   Level  Hunger
a - Beastly Appendage     Trmt           ###...       8%          1    #......
b - Sticks to Snakes      Trmt           ###.......   12%         2    ###....
c - Spider Form           Trmt/Pois      #.........   45%         3    ###....


Dungeon Overview and Level Annotations

Branches:
Dungeon (4/15)             Temple (0/1) D:4

Altars:
Cheibriados

Shops:
D:4 }

Annotations:
D:4 Blork the orc


Innate Abilities, Weirdness & Mutations

You cannot wear boots.
((Your serpentine skin is tough (AC +1).))
You have supernaturally acute eyesight.
((Armour fits poorly on your strangely shaped body.))
((Your system is resistant to poisons.))
((You cover ground very slowly.))
You have a slow metabolism.
You can spit poison.
((You have a pair of small horns on your head.))
((Your tail ends in a poisonous barb.))
You expend magic power (3 MP) to strengthen your wands.


Message History

Confirm with . or Enter, or press ? or * to list all spells.
You turn into a venomous arachnid creature.
Your +2 dagger of speed melds into your body.
Your +0 robe melds into your body.
You are feeling very hungry.
Blork the orc misses you.
Blork the orc closely misses your ball python.
Your ball python closely misses Blork the orc.
Your ball python misses Blork the orc.
Something bites Blork the orc but does no damage.
Something closely misses Blork the orc.
Blork the orc screams, "I don't like you!"
Blork the orc gestures at you while chanting.
The puff of frost hits you!
* * * LOW HITPOINT WARNING * * *
Your ball python bites Blork the orc.
Your ball python closely misses Blork the orc.
Blork the orc points at you and mumbles some strange words.
The puff of flame hits you!
You die...

# #.# .# ##..#####
#.##.##.# ##........
#.......# ##.....####
####.#.## ##.......##
#######....####.........##
..............+.........'.
#######....####.........##
#.o...## ##.......##
#S###s# ##.....## #.# #.#
##...## #.###.# ##+##
#.....# #.# ####
#####.#########.# #...
#.##........###.##
#.##.#.###...##.#
#.##..#.#.....#.#
##.##.###........#


You could see Blork the orc.

Vanquished Creatures
  An orc wizard (D:3)
  4 adders
  2 oozes
  3 worms
  5 giant geckos
  8 orcs (D:3)
  A ball python (D:2)
  6 giant cockroaches
  9 hobgoblins
  4 jackals (D:2)
  A quokka (D:2)
  4 bats
  2 giant newts
  8 goblins
  5 kobolds
  9 rats
72 creatures vanquished.

Vanquished Creatures (collateral kills)
  An adder (D:1)
1 creature vanquished.

Grand Total: 73 creatures vanquished

Notes
Turn   | Place    | Note
--------------------------------------------------------------
     0 | D:1      | rgaf the Naga Transmuter began the quest for the Orb.
     0 | D:1      | Reached XP level 1. HP: 18/18 MP: 3/3
   392 | D:1      | Reached XP level 2. HP: 22/25 MP: 3/5
   518 | D:1      | Learned a level 2 spell: Sticks to Snakes
   879 | D:1      | HP: 1/25 [adder (3)]
  1294 | D:1      | Reached XP level 3. HP: 24/31 MP: 4/6
  1545 | D:1      | Learned a level 3 spell: Spider Form
  1943 | D:2      | Reached skill level 4 in Transmutations
  2078 | D:2      | Reached XP level 4. HP: 18/38 MP: 5/7
  2674 | D:2      | Found a snail-covered altar of Cheibriados.
  3613 | D:3      | Reached skill level 5 in Transmutations
  3613 | D:3      | Reached XP level 5. HP: 37/44 MP: 8/8
  3638 | D:3      | Gained mutation: Your tail ends in a poisonous barb. [potion of mutation]
  3638 | D:3      | Gained mutation: You have a pair of small horns on your head. [potion of mutation]
  3638 | D:3      | Gained mutation: You expend magic power (3 MP) to strengthen your wands. [potion of mutation]
  4664 | D:4      | Found a staircase to the Ecumenical Temple.
  4746 | D:4      | Found Ymohat's Gadget Emporium.
  4794 | D:4      | Noticed Blork the orc
  4842 | D:4      | Killed from afar by Blork the orc

Action                   |  1- 3 |  4- 6 || total
-------------------------+-------+-------++-------
Melee: Dagger            |   139 |   192 ||   331
       Unarmed           |     4 |       ||     4
 Cast: Beastly Appendage |     7 |     5 ||    12
       Sticks to Snakes  |     3 |     3 ||     6
       Spider Form       |       |     1 ||     1
  Use: Potion            |       |     7 ||     7
 Stab: Sleeping          |       |     1 ||     1
  Eat: Chunk             |     3 |     6 ||     9
